 Dungeon Crawl Stone Soup version 0.17-a0-2118-g63bad21 (webtiles) character file.

31305 wvc the Grappler (level 13, -4/131 HPs)
             Began as a Troll Monk on Oct 20, 2015.
             Was the Champion of Cheibriados.
             Slain by a seven-headed hydra (5 damage)
             ... on level 3 of the Lair of Beasts.
             The game lasted 00:37:22 (12741 turns).

wvc the Grappler (Troll Monk)                      Turns: 12741, Time: 00:37:22

Health: -4/131     AC:  6    Str: 37    XL:     13   Next: 25%
Magic:  16/16      EV: 19    Int: 25    God:    Cheibriados [******]
Gold:   770        SH:  0    Dex: 27    Spells: 0 memorised, 12 levels left

rFire  + . .     SeeInvis .     r - +2 giant spiked club
rCold  . . .     Clarity  +     a - +0 robe
rNeg   . . .     SustAt   .     (no shield)
rPois  +         Gourm    +     (helmet restricted)
rElec  .         Spirit   .     h - +0 cloak (curse)
rCorr  .         Warding  .     (gloves unavailable)
rMut   .         Stasis   .     (boots unavailable)
MR     .....                    (no amulet)
Stlth  ++........               A - ring of poison resistance
                                v - ring "Lypeypa" {+Fly rF+ Slay+3}

@: very slow, not resistant to hostile enchantments, unstealthy
A: unfitting armour, claws 3, clarity, fast metabolism 3, gourmand, regeneration
2, shaggy fur 1, tough skin 2, wild magic 1, evolution 1
a: Bend Time, Temporal Distortion, Slouch, Step From Time, Renounce Religion,
Evoke Flight


You were on level 3 of the Lair of Beasts.
You worshipped Cheibriados.
Cheibriados was exalted by your worship.
You were not hungry.

You visited 3 branches of the dungeon, and saw 16 of its levels.
You also visited: Labyrinth.

You collected 1031 gold pieces.
You spent 261 gold pieces at shops.

Inventory:

Hand Weapons
 r - a +2 giant spiked club (weapon)
 W - a +0 blowgun
Missiles
 k - 25 poisoned needles
 t - 2 throwing nets (quivered)
 R - 5 curare-tipped needles
Armour
 a - a +0 robe (worn)
 f - a troll hide
 h - a cursed +0 cloak (worn)
 O - a +1 shield of reflection
Magical Staves
 w - an uncursed staff of earth
 E - an uncursed staff of wizardry
Rods
 c - a +3 rod of clouds (10/10)
   (You took it off a minotaur in a labyrinth)
Jewellery
 n - an uncursed ring of protection from fire
 v - the ring "Lypeypa" (left claw) {+Fly rF+ Slay+3}
   (You took it off a minotaur in a labyrinth)

   [ring of flight]

   It affects your accuracy and damage with ranged weapons and melee attacks
   (+3).
   It protects you from fire.
   It lets you fly.
 A - a ring of poison resistance (right claw)
 M - an uncursed ring of see invisible
Wands
 d - a wand of paralysis (16)
 g - a wand of cold (8)
 q - a wand of lightning (2)
 u - a wand of frost (28)
 C - a wand of teleportation (6)
 D - a wand of slowing (20)
 F - a wand of lightning (5)
 V - a wand of polymorph (5)
 Z - a wand of fire (3)
Scrolls
 o - 4 scrolls of remove curse
 x - 2 scrolls of immolation
 y - a scroll of teleportation
 z - a scroll of magic mapping
Potions
 e - 4 potions of lignification
 i - 2 potions of brilliance
 j - 2 potions of flight
 l - a potion of invisibility
 s - 3 potions of cancellation
 B - 3 potions of curing
 H - a potion of poison {unknown}
 I - a potion of beneficial mutation {unknown}
 K - a potion of magic {unknown}
 P - a potion of resistance
 Q - 2 potions of heal wounds {unknown}
Books
 p - a book of Death

   Spells                             Type                      Level
   a - Corpse Rot                     Necromancy                   2
   b - Sublimation of Blood           Necromancy                   2
   c - Agony                          Necromancy                   5
   d - Dispel Undead                  Necromancy                   5
   e - Excruciating Wounds            Charms/Necromancy            5
   f - Bolt of Draining               Conjuration/Necromancy       5
 L - a book of Annihilations

   Spells                             Type                      Level
   a - Poison Arrow                   Conjuration/Poison           6
   b - Chain Lightning                Conjuration/Air              8
   c - Lehudib's Crystal Spear        Conjuration/Earth            8
   d - Glaciate                       Conjuration/Ice              9
   e - Fire Storm                     Conjuration/Fire             9
 Y - a book of Unlife

   Spells                             Type                      Level
   a - Recall                         Summoning/Translocation      3
   b - Animate Dead                   Necromancy                   4
   c - Control Undead                 Necromancy                   4
   d - Cigotuvi's Embrace             Necromancy                   5
   e - Death Channel                  Necromancy                   6
   f - Simulacrum                     Ice/Necromancy               6
Comestibles
 b - 5 bread rations
 m - 8 meat rations
 G - 14 fruits
 J - 4 chunks of flesh
 S - a beef jerky
 U - 10 royal jellies


   Skills:
 + Level 9.1 Fighting
 - Level 8.6 Dodging
 - Level 1.1 Stealth
 * Level 10.5 Shields
 - Level 12.0 Unarmed Combat
 * Level 5.4 Invocations
 + Level 0.9 Evocations


You had 12 spell levels left.
You didn't know any spells.

Dungeon Overview and Level Annotations

Branches:
Dungeon (12/15)            Temple (1/1) D:7            Lair (3/8) D:10
    Orc (0/4) D:10
  Swamp: Lair:3-6    Shoals: Lair:3-6     Snake: Lair:3-6    Spider: Lair:3-6

Altars:
Ashenzari
Cheibriados
Dithmenos
Elyvilon
Fedhas
Gozag
Makhleb
Nemelex Xobeh
Okawaru
Qazlal
Ru
Sif Muna
Trog
Vehumet
Yredelemnul
Zin
The Shining One

Shops:
D:6 }*}?*

Annotations:
Lair:1 exclusion: hydra


Innate Abilities, Weirdness & Mutations

You are too large for most types of armour.
You have claws for hands.
Your metabolism is lightning-fast.
You like to eat raw meat.
You heal very quickly.
You are covered in fur (AC +1).
You have very tough skin (AC +2).
You possess an exceptional clarity of mind.
Your spells are a little harder to cast, but a little more powerful.
You evolve.


Message History

The seven-headed hydra bites you. x2
The seven-headed hydra misses you.
You barely miss the seven-headed hydra.
The seven-headed hydra is lightly wounded.
The seven-headed hydra bites you. x3
The seven-headed hydra barely misses you.
The seven-headed hydra completely misses you.
The seven-headed hydra bites you but does no damage.
The seven-headed hydra bites you!
* * * LOW HITPOINT WARNING * * *
The seven-headed hydra barely misses you.
The seven-headed hydra bites you!
* * * LOW HITPOINT WARNING * * *
The seven-headed hydra completely misses you.
The seven-headed hydra bites you!
* * * LOW HITPOINT WARNING * * *
The seven-headed hydra bites you!
* * * LOW HITPOINT WARNING * * *
The seven-headed hydra bites you.
You die...

#........P#....#####...(.#
#..............# ......
##.............# ##....
##....#PP#....# #...
###†......#....# #..
..†..........###
...††..........##
......##P....<..##
.(.#####PP......@### ...#
##...##..D..# .###
#..##.#.....# .#
#P.####......# ## #..
###....# . #. #....# .#
##.... PP #..... .).
##...P#


You could see a seven-headed hydra.

Vanquished Creatures
  A minotaur (Lab)
  A hydra (Lair:2)
  Sonja (D:10)
  An unseen horror (D:11)
  A hill giant (D:11)
  An ugly thing (D:11)
  11 elephants (Lair:3)
  Maurice (D:10)
  2 black mambas
  Psyche (D:12)
  A kobold demonologist (D:10)
  5 spiny frogs
  2 komodo dragons
  A fire drake (Lair:1)
  A troll (D:11)
  A merfolk (D:10)
  A queen bee (Lair:2)
  3 two-headed ogres
  10 blink frogs
  4 slime creatures (D:12)
  2 wyverns (D:11)
  5 hippogriffs
  2 wraiths (D:10)
  Grum (D:7)
  4 wolves
  27 yaks
  8 porcupines
  5 water moccasins
  4 sky beasts
  5 orc warriors
  4 phantoms
  3 black bears
  6 ice beasts
  6 ogres
  A necrophage (D:10)
  17 centaurs
  7 crocodiles
  11 giant frogs
  A wyvern zombie (D:11)
  3 scorpions
  24 killer bees
  4 wights (D:11)
  The ghost of Duffy the Sneak, a weakling NaEn (D:3)
  9 crimson imps
  2 quasits (D:6)
  2 electric eels (Lair:2)
  2 centaur zombies
  17 orc priests
  8 hounds
  7 jellies
  Crazy Yiuf (D:5)
  A gnoll shaman (D:9)
  2 giant frog skeletons
  19 orc wizards
  9 iguanas
  10 worker ants
  A hound skeleton (D:9)
  A worker ant zombie (D:10)
  10 adders
  6 gnolls (D:9)
  15 river rats
  3 shadow imps
  An ooze (D:1)
  3 worms
  An adder skeleton (D:2)
  2 adder zombies
  67 orcs
  A ball python (D:1)
  A bat skeleton (D:2)
  6 goblins
  11 hobgoblins
  12 jackals
  3 quokkas
  2 ball python skeletons
  9 bats
  7 giant cockroaches
  A giant cockroach zombie (D:6)
  13 giant geckos
  A giant gecko skeleton (D:5)
  A giant gecko zombie (D:8)
  A giant newt (D:2)
  A jackal zombie (D:7)
  12 kobolds
  4 rats
486 creatures vanquished.

Vanquished Creatures (others)
  2 fungi (Lair:3)
  A plant (Lair:2)
3 creatures vanquished.

Grand Total: 489 creatures vanquished

Notes
Turn   | Place    | Note
--------------------------------------------------------------
     0 | D:1      | wvc the Troll Monk began the quest for the Orb.
     0 | D:1      | Reached XP level 1. HP: 22/22 MP: 0/0
   107 | D:1      | Reached XP level 2. HP: 29/29 MP: 1/1
   537 | D:1      | Reached XP level 3. HP: 36/36 MP: 2/2
   942 | D:2      | Found a white marble altar of Elyvilon.
   961 | D:2      | Reached skill level 5 in Unarmed Combat
  1046 | D:2      | Reached XP level 4. HP: 44/44 MP: 3/3
  1189 | D:2      | Found a faded altar to an unknown god.
  1415 | D:3      | Noticed Duffy's ghost (weakling NaEn)
  1425 | D:3      | Killed Duffy's ghost
  1425 | D:3      | Reached XP level 5. HP: 47/53 MP: 4/4
  1683 | D:3      | Found a shadowy altar of Dithmenos.
  1701 | D:3      | Found a sacrificial altar of Ru.
  2054 | D:3      | Reached XP level 6. HP: 17/61 MP: 5/5
  2140 | D:4      | Reached skill level 6 in Unarmed Combat
  2392 | D:4      | Noticed an orc warrior
  2589 | D:4      | Killed an orc warrior
  2714 | D:4      | Reached XP level 7. HP: 67/67 MP: 6/6
  2951 | D:4      | Found an opulent altar of Gozag.
  3222 | D:5      | Entered Level 5 of the Dungeon
  3255 | D:4      | Reached skill level 7 in Unarmed Combat
  3457 | D:5      | Gained mutation: You evolve. [potion of mutation]
  3457 | D:5      | Gained mutation: You tend to lose your temper in combat. [potion of mutation]
  3857 | D:5      | Reached skill level 5 in Dodging
  3857 | D:5      | Reached XP level 8. HP: 78/78 MP: 7/7
  3988 | D:5      | Noticed Crazy Yiuf
  3998 | D:5      | Killed Crazy Yiuf
  4140 | D:6      | Reached skill level 8 in Unarmed Combat
  4318 | D:6      | Found Kiple's Gadget Shoppe.
  4346 | D:6      | Found a shattered altar of Ashenzari.
  4565 | D:6      | Found Nemudoets's Assorted Antiques.
  4573 | D:6      | Bought a scroll of identify for 50 gold pieces
  4573 | D:6      | Bought an ivory wand for 100 gold pieces
  4573 | D:6      | Bought a grey potion for 22 gold pieces
  4628 | D:6      | Found Weokyc's General Store.
  4635 | D:6      | Bought a potion of curing for 45 gold pieces
  4654 | D:6      | Found Urivvo's Magic Scroll Shop.
  4677 | D:6      | Bought a scroll of identify for 22 gold pieces
  4677 | D:6      | Bought a scroll of identify for 22 gold pieces
  4772 | D:6      | Found Keskieb's Gadget Shop.
  4798 | D:6      | You fall through a shaft!
  5146 | D:7      | Reached skill level 9 in Unarmed Combat
  5310 | D:7      | Found a staircase to the Ecumenical Temple.
  5333 | Temple   | Entered the Ecumenical Temple
  5349 | Temple   | Became a worshipper of Cheibriados the Contemplative
  5349 | Temple   | Reached * piety under Cheibriados
  5349 | Temple   | Reached ** piety under Cheibriados
  5565 | D:7      | Reached XP level 9. HP: 84/87 MP: 8/8
  5704 | D:7      | Lost mutation: You tend to lose your temper in combat. [evolution]
  5771 | D:8      | Noticed Grum
  5781 | D:7      | Reached skill level 5 in Fighting
  5859 | D:7      | Killed Grum
  5892 | D:8      | Reached *** piety under Cheibriados
  5892 | D:8      | Reached skill level 10 in Unarmed Combat
  6217 | D:8      | Found an iron altar of Okawaru.
  6396 | D:8      | Reached **** piety under Cheibriados
  6453 | D:8      | Found a bloodstained altar of Trog.
  6586 | D:8      | Reached XP level 10. HP: 96/98 MP: 9/9
  6703 | D:9      | Reached skill level 11 in Unarmed Combat
  6994 | D:9      | Reached ***** piety under Cheibriados
  7158 | D:9      | Identified 2 scrolls of acquirement
  7278 | D:9      | Found a radiant altar of Vehumet.
  7295 | D:9      | Reached skill level 12 in Unarmed Combat
  7736 | D:10     | Entered Level 10 of the Dungeon
  7861 | D:10     | Reached skill level 1 in Shields
  7861 | D:10     | Reached skill level 1 in Invocations
  7949 | D:10     | Reached XP level 11. HP: 105/107 MP: 10/10
  7972 | D:10     | Found a staircase to the Orcish Mines.
  8033 | D:10     | Found a staircase to the Lair.
  8107 | D:10     | Noticed Maurice
  8116 | D:10     | Killed Maurice
  8148 | D:10     | Noticed Sonja
  8162 | D:10     | Killed Sonja
  8205 | D:10     | Found a glowing silver altar of Zin.
  8207 | D:10     | Reached ****** piety under Cheibriados
  8888 | D:11     | Reached skill level 5 in Shields
  9027 | D:11     | Noticed a hill giant
  9053 | D:11     | Killed a hill giant
  9232 | D:11     | HP: 3/109 [something (5)]
  9234 | D:11     | Killed an unseen horror
  9643 | D:11     | Gained mutation: You possess an exceptional clarity of mind. [evolution]
  9946 | D:11     | Reached XP level 12. HP: 119/119 MP: 13/13
 10096 | D:12     | Noticed Psyche
 10102 | D:12     | Killed Psyche
 10106 | D:12     | Found a labyrinth entrance.
 10112 | Lab      | Entered a labyrinth
 10264 | Lab      | Noticed a minotaur
 10274 | Lab      | Killed a minotaur
 10276 | Lab      | Got a shimmering bronze ring
 10282 | Lab      | Identified the ring "Lypeypa" {+Fly rF+ Slay+3} (You took it off a minotaur in a labyrinth)
 10564 | Lair:1   | Entered Level 1 of the Lair of Beasts
 10700 | Lair:1   | You fall through a shaft!
 11038 | Lair:1   | Gained mutation: Your spells are a little harder to cast, but a little more powerful. [evolution]
 11219 | Lair:1   | Noticed a four-headed hydra
 11497 | Lair:2   | Noticed a five-headed hydra
 11504 | Lair:2   | Killed a nine-headed hydra
 11906 | Lair:2   | Reached skill level 5 in Invocations
 12240 | Lair:2   | Reached XP level 13. HP: 117/130 MP: 15/15
 12608 | Lair:3   | Reached skill level 10 in Shields
 12741 | Lair:3   | HP: 1/131 [seven-headed hydra (9)]
 12741 | Lair:3   | Slain by a seven-headed hydra

Vault maps used:
D:1:      dpeg_arrival_yet_another_circle, minmay_crystal_room
D:2:      elyvilon_altar_5, serial_undead, serial_undead_d, serial_undead_c,
          serial_undead_f, serial_undead_b, ecumenical_altar_1
D:3:      grunt_dithmenos_smoke_and_mirrors, overflow_temple_1_default,
          minmay_misc_feat_more_columns
D:4:      corexii_shack_village, first_bread,
          nicolae_gozag_cash_rules_everything_around_me
D:5:      uniq_crazy_yiuf_cottage
D:6:      ashenzari_conservatory_becter, serial_shops, shop, shop,
          nicolae_shop_trees, shop_fountains, shop
D:7:      temple_hall
D:8:      overflow_temple_1_default, okawaru_trees_2, uniq_grum
D:9:      old_standard_altar
D:10:     lair_0_dummy, orc_0_dummy, hangedman_stone_soup, lemuel_centaur_altar,
          uniq_maurice, uniq_sonja
D:11:     minmay_goldmine
D:12:     lab_entry_generic, serial_column_ruins, column_ruins_grid_3,
          column_ruins_open_tiny, column_ruins_columns_straight,
          column_ruins_grid_1, column_ruins_open_medium,
          column_ruins_columns_straight, column_ruins_grid_3, minivault_15,
          minmay_misc_feat_ornament, bh_hangedman_babel_library, uniq_psyche
Temple:   temple_eino_lava_12
Lair:1:   lemuel_fruit_fields, grunt_megastairs_2
Lair:2:   special_room, serial_bayou_shore_a, infiniplex_staircase_pool,
          lemuel_fruit_fields
Lair:3:   beast_lair_carwin_large_4, lemuel_fruit_tree,
          infiniplex_staircase_pool_2
Lab:      labyrinth_spiral

Action                   |  1- 3 |  4- 6 |  7- 9 | 10-12 | 13-15 || total
-------------------------+-------+-------+-------+-------+-------++-------
Melee: Unarmed           |    93 |   152 |   355 |   684 |    95 ||  1379
       Giant spiked club |       |       |       |       |     2 ||     2
 Fire: Blowgun           |       |       |       |     1 |       ||     1
Throw: Throwing net      |       |       |       |     1 |       ||     1
Invok: Slouch            |       |       |       |     3 |       ||     3
Evoke: Wand              |       |       |       |     6 |       ||     6
  Use: Scroll            |     1 |     7 |    11 |    10 |     1 ||    30
       Potion            |       |     1 |     3 |     4 |     1 ||     9
 Stab: Sleeping          |     1 |       |     1 |    11 |       ||    13
       Distracted        |       |       |       |     3 |       ||     3
  Eat: Chunk             |     8 |    11 |    30 |    24 |     6 ||    79
       Pizza             |       |     1 |     1 |     1 |       ||     3
       Beef jerky        |       |     1 |       |     2 |       ||     3
       Fruit             |       |       |    10 |     4 |       ||    14
       Royal jelly       |       |       |       |     1 |       ||     1
